 Dungeon Crawl Stone Soup version 0.30-a0-1116-gebefce21f7 (webtiles) character file.

Game seed: 12561106640726542699

8197 Pooter the Cleaver (level 11, -2/148 HPs)
             Began as a Minotaur Berserker on Apr 21, 2023.
             Was a Believer of Trog.
             Slain by an orc knight
             ... wielding a +0 halberd
              (20 damage)
             ... in a bailey.
             The game lasted 00:56:30 (10884 turns).

Pooter the Cleaver (Minotaur Berserker)            Turns: 10884, Time: 00:56:30

Health: -2/148     AC: 15    Str: 29    XL:     11   Next: 6%
Magic:  0/10       EV: 13    Int:  6    God:    Trog [**....]
Gold:   33         SH:  0    Dex: 11    Spells: 10/10 levels left

rFire   . . .      SeeInvis .    a - +0 battleaxe (elec)
rCold   . . .      Faith    .    (shield currently unavailable)
rNeg    . . .      Spirit   +    K - +2 plate armour
rPois   .          Reflect  .    E - +0 hat
rElec   .          Rampage  .    w - +0 cloak
rCorr   .          Clarity  +    (no gloves)
Will    ++...                    m - +0 pair of boots Stlth
                                 G - amulet of guardian spirit
HPRegen 1.44/turn                u - +5 ring of evasion
MPRegen 0.12/turn                y - +6 ring of strength

@: berserking, strong-willed, regenerating, very quick
A: horns 2, retaliatory headbutt, talons 1, clarity
a: Renounce Religion, Berserk, Trog's Hand


You were in a bailey.
You worshipped Trog.
Trog was pleased with you.
You visited 1 branch of the dungeon, and saw 10 of its levels.
You also visited: Bailey.

You collected 512 gold pieces.
You spent 479 gold pieces at shops.

Inventory:

Hand Weapons
 a - a +0 battleaxe of electrocution (weapon)
   (You found it on level 8 of the Dungeon)
 b - a +0 arbalest
   (You took it off an orc warrior on level 9 of the Dungeon)
 e - a +0 trident
   (You took it off an orc on level 3 of the Dungeon)
 l - a +2 whip of freezing
   (You took it off a kobold on level 8 of the Dungeon)
 q - a +0 halberd of freezing
   (You took it off a gnoll on level 2 of the Dungeon)
 z - a +4 war axe
   (You bought it in a shop on level 2 of the Dungeon)
 J - a +0 antimagic sling
   (You found it on level 8 of the Dungeon)
Missiles
 c - 18 boomerangs (quivered)
 s - 34 poisoned darts
 H - 2 atropa-tipped darts
 Q - 60 stones
Armour
 m - a +0 pair of boots (worn)
   (You found it on level 4 of the Dungeon)
 w - a +0 cloak (worn)
   (You found it on level 4 of the Dungeon)
 E - a +0 hat (worn)
   (You found it on level 7 of the Dungeon)
 K - a +2 plate armour (worn)
   (You took it off an orc warrior on level 9 of the Dungeon)
Jewellery
 u - a +5 ring of evasion (left hand)
   (You found it on level 3 of the Dungeon)
 y - a +6 ring of strength (right hand)
   (You found it on level 5 of the Dungeon)
 C - a ring of resist corrosion
   (You found it on level 8 of the Dungeon)
 F - a ring of flight
   (You bought it in a shop on level 2 of the Dungeon)
 G - an amulet of guardian spirit (around neck)
   (You bought it in a shop on level 2 of the Dungeon)
 I - a ring of protection from cold
   (You found it on level 5 of the Dungeon)
Wands
 d - a wand of iceblast (2)
   (You found it on level 9 of the Dungeon)
 f - a wand of flame (40)
   (You found it on level 2 of the Dungeon)
 g - a wand of polymorph (3)
   (You found it on level 7 of the Dungeon)
 x - a wand of acid (4)
   (You found it on level 8 of the Dungeon)
 D - a wand of digging (7)
   (You found it on level 8 of the Dungeon)
Scrolls
 h - a scroll of vulnerability {!r}
 j - 2 scrolls of torment {!r}
 n - 3 scrolls of immolation {!r}
 p - 3 scrolls of fear
 t - 5 scrolls of teleportation {@r4}
Potions
 i - a potion of degeneration {unknown}
 k - 3 potions of haste {@q3}
 o - 3 potions of mutation {!q}
 v - a potion of curing {unknown}
 A - 3 potions of berserk rage {unknown}
 B - a potion of ambrosia {unknown}
 L - a potion of attraction {unknown}
 M - 2 potions of flight {unknown}
 N - a potion of invisibility {unknown}


   Skills:
 + Level 10.1 Fighting
 * Level 12.3 Axes
 * Level 10.4 Ranged Weapons
 - Level 5.2 Throwing
 - Level 2.4 Armour
 - Level 2.1 Dodging
 - Level 3.4 Stealth


You had 10 spell levels left.
You didn't know any spells.
Your spell library was empty.

Dungeon Overview and Level Annotations

Branches:
Dungeon (10/15)            Temple (0/1) D:5            Lair (0/5) D:8
 Bailey (1/1)
    Orc: D:9-12

Altars:
Ashenzari
Fedhas
Gozag
Yredelemnul
Zin
The Shining One

Shops:
D:2 =*((

Annotations:
D:9 1 runed translucent door, bearlyready's ghost, journeyman GnRe


Innate Abilities, Weirdness & Mutations

You have a pair of horns on your head.
You reflexively headbutt those who attack you in melee.
You have sharp toenails.
You possess an exceptional clarity of mind.


Message History

You feel a strong urge to attack something.
The orc warrior barely misses you.
The orc warrior hits you with a +0 trident!
The orc knight barely misses you.
The orc knight hits you but does no damage.
There is an open door, spattered with blood here.
You slash the orc knight!
You hit the orc warrior but do no damage.
You slash the orc warrior!
The orc warrior hits you but does no damage.
The orc warrior closely misses you.
The orc knight completely misses you. x2
You slash the orc knight!
You headbutt the orc knight, but do no damage.
You closely miss the orc warrior. x2
You barely miss the orc knight. You slash the orc warrior! x2
The orc warrior hits you with a +0 trident.
The orc warrior hits you with a +0 trident!
The orc knight hits you with a +0 trident!!
* * * LOW HITPOINT WARNING * * *
The orc knight hits you from afar with a +0 halberd!
* * * LOW MAGIC WARNING * * *
* * * LOW HITPOINT WARNING * * *
You barely miss the orc knight. You headbutt the orc knight!
You slash the orc warrior!
Lightning courses through the orc warrior!!
You kill the orc warrior!
Trog accepts your kill.
You slice the orc warrior!!
Lightning courses through the orc warrior!
You feel the power of Trog in you as your rage grows.
You kill the orc warrior!
Trog accepts your kill.
The orc knight hits you with a +0 trident.
* * * LOW MAGIC WARNING * * *
* * * LOW HITPOINT WARNING * * *
The orc knight hits you from afar with a +0 halberd!
* * * LOW MAGIC WARNING * * *
* * * LOW HITPOINT WARNING * * *
You slash the orc knight!
Lightning courses through the orc knight!
Your headbutt misses the orc knight. The orc knight barely misses you.
The orc knight hits you from afar with a +0 halberd!!
* * * LOW MAGIC WARNING * * *
* * * LOW HITPOINT WARNING * * *
You hit the orc knight.
Unknown command.
You barely miss the orc knight. The orc knight closely misses you.
The orc knight hits you from afar with a +0 halberd!!
* * * LOW MAGIC WARNING * * *
You die...

..≈##.##≈...............≈##.##≈..
..≈#.................)...)...#≈..
..≈##.∩#≈...............≈#∩.##≈..
..≈≈#)##≈....#######....≈##.#
...≈≈)≈≈≈...##....##....≈≈≈.≈≈
...........##.....##...........
..........##..#'''##.............
..........#..##∩.∩##..##.........
.........##.####@####.##.........
.........##.')#o))#.'.##.........
.........##.###.o.###.##.........
.........##.')#).)#)'.##.........
.........##.#########.##.........
..........#..##.#.##..#..........
..........##..#'#'#..##..........
...........##.......##...........
...≈≈.≈≈≈...#########...≈≈≈)≈≈...


You could see 2 orc knights.

Vanquished Creatures
  A troll (D:9)
  Grinder (D:5)
  Prince Ribbit (D:6)
  Sigmund (D:2)
  A spriggan (D:7)
  11 yaks
  5 wyverns
  A basilisk (D:8)
  A steam dragon (D:8)
  An acid dragon (D:8)
  5 water moccasins
  2 sky beasts
  12 orc warriors
  3 ogres
  A centaur (D:9)
  2 kobold brigands
  4 bullfrogs
  2 gnoll sergeants
  3 scorpions
  A water moccasin zombie (D:5)
  10 killer bees
  6 howler monkeys
  A jelly (D:4)
  4 orc priests
  6 hounds
  4 iguanas
  11 orc wizards
  A hound zombie (D:5)
  5 adders
  12 gnolls
  2 shadow imps
  2 white imps
  2 ufetubi
  2 worms (D:3)
  A dart slug (D:1)
  46 orcs
  7 ball pythons
  5 endoplasms
  3 giant cockroaches
  11 goblins
  A hobgoblin (D:3)
  2 jackals (D:4)
  5 quokkas
  6 bats
  2 frilled lizards
  12 kobolds
228 creatures vanquished.

Vanquished Creatures (others)
  3 bushes (D:8)
  4 fungi (D:8)
  15 plants (D:8)
22 creatures vanquished.

Grand Total: 250 creatures vanquished

Notes
Turn   | Place    | Note
-------+----------+-------------------------------------------
     0 | D:1      | Pooter the Minotaur Berserker began the quest for the Orb.
     0 | D:1      | Reached XP level 1. HP: 19/19 MP: 0/0
   175 | D:1      | Reached XP level 2. HP: 25/27 MP: 1/1
   254 | D:1      | Reached skill level 1 in Stealth
   292 | D:1      | You fall into a shaft and drop 1 floor!
   836 | D:2      | Found Enalauck's Jewellery Shop.
   934 | D:2      | Reached skill level 4 in Axes
   934 | D:2      | Reached XP level 3. HP: 34/34 MP: 2/2
  1069 | D:2      | Found Xeumuzi's Weapon Emporium.
  1129 | D:2      | Bought a +0 war axe for 35 gold pieces
  1135 | D:2      | Noticed Sigmund
  1151 | D:2      | Killed Sigmund
  1152 | D:2      | Reached skill level 5 in Fighting
  1152 | D:2      | Reached XP level 4. HP: 18/42 MP: 3/3
  1152 | D:2      | Reached XP level 5. HP: 21/48 MP: 4/4
  1249 | D:2      | Found Ciaf's Weapon Shop.
  1659 | D:2      | Found Neda's Assorted Antiques.
  1662 | D:2      | Bought a scroll labelled BIETZE TOACOSM for 31 gold pieces
  2050 | D:2      | Bought a scroll labelled OGAKHIJEUP for 31 gold pieces
  2326 | D:3      | Reached XP level 6. HP: 57/57 MP: 5/5
  2816 | D:3      | Reached ** piety under Trog
  3132 | D:4      | Reached skill level 5 in Axes
  3233 | D:4      | Reached skill level 1 in Ranged Weapons
  3673 | D:4      | Reached XP level 7. HP: 64/64 MP: 6/6
  4388 | D:5      | Entered Level 5 of the Dungeon
  4395 | D:5      | Reached skill level 6 in Axes
  5078 | D:5      | Reached skill level 1 in Throwing
  5183 | D:5      | Found a staircase to the Ecumenical Temple.
  5258 | D:5      | Reached skill level 7 in Axes
  5258 | D:5      | Reached XP level 8. HP: 73/73 MP: 7/7
  5264 | D:5      | Found a basalt altar of Yredelemnul.
  5303 | D:5      | Noticed Grinder
  5309 | D:5      | Killed Grinder
  5884 | D:5      | Reached skill level 5 in Ranged Weapons
  5979 | D:5      | Reached skill level 8 in Axes
  6118 | D:6      | Noticed Prince Ribbit
  6166 | D:6      | Killed Prince Ribbit
  6167 | D:6      | Reached XP level 9. HP: 43/81 MP: 8/8
  6449 | D:2      | Bought a dented malachite amulet for 155 gold pieces
  6634 | D:6      | Reached skill level 9 in Axes
  6735 | D:6      | Identified the +0 robe of Disguise {rC+ Will++ Str-4
                  | Stlth+}
  6978 | D:7      | Gained mutation: You have sharp toenails. [potion of
                  | mutation]
  6978 | D:7      | Gained mutation: You possess an exceptional clarity of
                  | mind. [potion of mutation]
  7292 | D:7      | Found a glowing silver altar of Zin.
  7338 | D:7      | Found an opulent altar of Gozag.
  7528 | D:8      | Found a glowing golden altar of the Shining One.
  7614 | D:8      | Reached skill level 10 in Axes
  7960 | D:8      | Reached XP level 10. HP: 61/90 MP: 6/9
  7973 | D:8      | Reached skill level 5 in Throwing
  8232 | D:8      | Found a staircase to the Lair.
  8245 | D:8      | Reached skill level 11 in Axes
  8680 | D:8      | Found a blossoming altar of Fedhas.
  8699 | D:8      | Found a broken altar of Ashenzari.
  8887 | D:2      | Bought a ring of flight for 227 gold pieces
  9676 | D:9      | Found a runed translucent door.
  9677 | D:9      | Noticed bearlyready's ghost (journeyman GnRe)
  9831 | D:9      | Reached skill level 10 in Ranged Weapons
  9833 | D:9      | Reached skill level 12 in Axes
 10270 | D:10     | Entered Level 10 of the Dungeon
 10278 | D:10     | Found a flagged portal.
 10285 | D:10     | Reached *** piety under Trog
 10293 | Bailey   | Entered a bailey
 10394 | Bailey   | Reached skill level 10 in Fighting
 10615 | Bailey   | Reached XP level 11. HP: 56/99 MP: 7/10
 10872 | Bailey   | Noticed an orc knight
 10872 | Bailey   | Noticed an orc knight
 10884 | Bailey   | Slain by an orc knight

Illustrated notes

Levels and vault maps discovered:
D:1:      nzn_arrival_depleted_hourglass, layout_basic
D:2:      layout_rooms, serial_shops, nicolae_shop_window_shopping, shop, shop,
          shop, uniq_sigmund
D:3:      layout_loops_cross, minmay_misc_feat_more_columns
D:4:      layout_basic
D:5:      layout_loops_ring, lemuel_zombie_altar_yredelemnul, temple_green,
          chequers_serial_rivers_micro_c, uniq_grinder
D:6:      layout_rooms, uniq_prince_ribbit1
D:7:      layout_basic, pdpol_temple_overflow_zin_treasury_gozag_greed,
          the_hattery
D:8:      layout_rooms, mainiacjoe_overflow_tiny_flanked,
          nicolae_overflow_squiral, minmay_lair_entry_grove
D:9:      layout_gridville, ebering_ghost_inner_flame, dk_vineyard_3
D:10:     nicolae_hexawheel, layout_basic, serial_shops, shop, enter_bailey_5,
          minmay_fractal_squares_5
Bailey:   bailey_polearm_2, bailey

Skill      XL: |  1  2  3  4  5  6  7  8  9 10 |
---------------+-------------------------------+-----
Fighting       | 4 5 6 7 8 10 | 10.1
Stealth        | 1 2 3 |  3.4
Axes           | 4 5 7 8 10 12 | 12.3
Ranged Weapons | 2 4 6 8 10 | 10.4
Throwing       | 1 3 4 5 |  5.2
Armour         | |  2.4
Dodging        | |  2.1

Action                     |  1- 3 |  4- 6 |  7- 9 | 10-12 || total
---------------------------+-------+-------+-------+-------++-------
  Melee: Hand axe          |    47 |       |       |       ||    47
         Headbutt          |     6 |     7 |    25 |    17 ||    55
         War axe           |     6 |    59 |   158 |    25 ||   248
         Punch             |     1 |       |     1 |       ||     2
         Halberd           |       |       |     4 |       ||     4
         Battleaxe         |       |       |       |    71 ||    71
   Fire: Sling             |       |    21 |    33 |       ||    54
         Arbalest          |       |       |       |    94 ||    94
  Throw: Boomerang         |       |     5 |    18 |       ||    23
         Dart              |       |       |     9 |       ||     9
 Invoke: Berserk           |     4 |     4 |     9 |     5 ||    22
         Trog's Hand       |       |     1 |     6 |    11 ||    18
  Evoke: Wand              |       |     2 |     3 |     7 ||    12
    Use: Scroll            |     1 |     6 |     4 |     8 ||    19
         Potion            |       |       |     4 |     1 ||     5
 Armour: Animal skin       |     6 |       |       |       ||     6
         Chain mail        |       |    11 |    72 |    18 ||   101
         Plate armour      |       |       |       |    47 ||    47
  Dodge: Dodged            |    49 |    49 |   135 |   132 ||   365

Table legend: (Time is in decaauts)
 A = Elapsed time spent in this place.
 B = Non-inter-level travel time spent in this place.
 C = Inter-level travel time spent in this place.
 D = Time resting spent in this place.
 E = Time spent auto-exploring this place.
 F = Levels seen in this place.
 G = Mean time per level.
                   A        B        C        D        E       F      G
               +--------+--------+--------+--------+--------+-----+--------+
         Total |  11215 |  10494 |    721 |   3302 |   5286 |  11 | 1019.5 |
       Dungeon |  10571 |   9850 |    721 |   3006 |   5286 |  10 | 1057.1 |
        Bailey |    643 |    643 |      0 |    296 |      0 |   1 |  643.0 |
               +--------+--------+--------+--------+--------+-----+--------+

Top non-repeatable levels by time:
     D:5: 1726 daAuts
     D:4: 1522 daAuts
     D:8: 1275 daAuts
     D:3: 1253 daAuts
     D:2: 1232 daAuts
     D:9: 1203 daAuts
     D:7: 823 daAuts
     D:1: 779 daAuts
     D:6: 726 daAuts
  Bailey: 643 daAuts
    D:10: 27 daAuts
